AoeStats
← varunalur2879

Lombardia

508329827Analyzed
4v4 RM · 11d ago on Sep 22, 2026· 17m 43s· 8 players
Game mode
Random Map
Map size
Large (8 player)
Population
200
Speed
Normal
Resources
Standard
Victory
Conquest
Starting age
Dark Age
Ending age
Imperial Age
RankedLock teamsTeams togetherTeam positionsShared explorationLock speedFull tech treeHidden civsTurbo modeCheats
Victory
Defeat
🇲🇽 Persians · Mexico
1344
+15
🇨🇱 Japanese · Chile
1337
+15
🇲🇽 Cumans · Mexico
1269
+18
🇲🇽 Mapuche · Mexico
1210
+19
🇮🇳 Georgians · India
1353
-19
🇦🇷 Magyars · Argentina
1298
-16
🇺🇸 Lithuanians · United States
1297
-16
🇲🇽 Saracens · Mexico
1294
-16
oNLy-Bk
4:50 Loom
11:00 Feudal Age
15:20 Castle Age
varunalur2879
7:04 Loom
9:19 Feudal Age
10:35 Double-Bit Axe
10:31 Horse Collar
19:54 Castle Age
Nova_Wolf
7:59 Loom
10:46 Feudal Age
Garrón Husita
4:51 Loom
9:44 Feudal Age
11:07 Double-Bit Axe
11:03 Horse Collar
El Cachorro
2:38 Loom
12:04 Feudal Age
16:05 Castle Age
14:55 Double-Bit Axe
Claudia Sheinbaum
6:09 Loom
9:10 Feudal Age
9:39 Double-Bit Axe
Diego
1:35 Loom
9:38 Feudal Age
10:48 Double-Bit Axe
Cegisaurio [GiGi]
6:37 Loom
9:33 Feudal Age
9:35 Man-at-Arms
10:49 Double-Bit Axe
Connection lost

Rejoining the realm…

Still unreachable

The connection could not be restored.

Session expired

The server has moved on; the page needs a fresh start.